 Dungeon Crawl Stone Soup version 0.25-a0-413-g3b4b6a4ccc (console) character file.

Game seed: 11625811151271651793, levelgen mode: deterministic

66 Kagalorn the Cutter (level 4, -3/33 HPs)
             Began as a Human Assassin on Jan 15, 2020.
             Slain by a gnoll
             ... wielding a +0 spear
              (8 damage)
             ... on level 1 of the Dungeon.
             The game lasted 00:03:40 (2001 turns).

Kagalorn the Cutter (Human Assassin)                Turns: 2001, Time: 00:03:41

Health: -3/33      AC:  3    Str: 11    XL:     4   Next: 37%
Magic:  4/4        EV: 12    Int: 13    God:
Gold:   113        SH:  0    Dex: 14    Spells: 3/3 levels left

rFire    . . .     SeeInvis .   a - +2 dagger
rCold    . . .     Gourm    .   (no shield)
rNeg     . . .     Faith    .   b - +0 robe
rPois    .         Spirit   .   (no helmet)
rElec    .         Reflect  .   c - +0 cloak
rCorr    .         Harm     .   (no gloves)
MR       .....                  (no boots)
Stlth    +++.......             (no amulet)
HPRegen  0.11/turn              (no ring)
MPRegen  0.09/turn              (no ring)

@: no status effects
A: no striking features
a: no special abilities


You were on level 1 of the Dungeon.
You were not hungry.

You visited 1 branch of the dungeon, and saw 4 of its levels.

You collected 113 gold pieces.

Inventory:

Hand Weapons
 a - a +2 dagger (weapon)
Missiles
 d - 6 poisoned darts (quivered)
 e - 2 curare-tipped darts
 h - 23 stones
 k - 13 sling bullets
Armour
 b - a +0 robe (worn)
 c - a +0 cloak (worn)
Jewellery
 p - an uncursed ring of see invisible {unknown}
Scrolls
 i - a scroll of remove curse {unknown}
 l - 2 scrolls of amnesia {unknown}
 m - a scroll of teleportation {unknown}
Potions
 g - 3 potions of curing {unknown}
 j - a potion of flight {unknown}
 n - a potion of degeneration {unknown}
 o - 2 potions of brilliance {unknown}
 r - a potion of ambrosia {unknown}
 s - a potion of lignification {unknown}
 t - a potion of cancellation {unknown}
Comestibles
 f - 2 rations


   Skills:
 - Level 2.0 Fighting
 * Level 4.3 Short Blades
 - Level 2.0 Throwing
 - Level 1.0 Dodging
 - Level 4.0 Stealth


You had 3 spell levels left.
You didn't know any spells.
Your spell library was empty.

Dungeon Overview and Level Annotations

Branches:
Dungeon (4/15)
 Temple: D:4-7

Altars:
Makhleb
Trog
Zin

Annotations:
D:3 Grinder


Message History

The gnoll is moderately wounded.
The gnoll hits you with a +0 spear.
Throwing (i - inventory. (/) - cycle)
d - 7 poisoned darts (quivered)
Press: ? - help, Shift-Dir - straight line, f/p - gnoll
Aim: a gnoll, wielding a +0 spear (moderately wounded, poisoned)
You throw a poisoned dart. The poisoned dart hits the gnoll.
The gnoll looks even sicker.
The gnoll is moderately wounded.
The gnoll hits you with a +0 spear.
You hit the gnoll.
The gnoll is heavily wounded.
You closely miss the gnoll.
The gnoll is heavily wounded.
The gnoll hits you with a +0 spear!
* * * LOW HITPOINT WARNING * * *
You closely miss the gnoll.
The gnoll is heavily wounded.
The gnoll misses you.
The gnoll hits you from afar with a +0 spear!
You die...

#.# ##.###........#
#.## #.........#####
...## ##...####..#
....#####
#.....###..#
........#
##.........#
........# #..#.###.##
........####.##.# #.#
....##..........###.#
...#########..g>@...#
#### ##########


You could see a gnoll.

Vanquished Creatures
  3 adders
  A worm (D:2)
  A leopard gecko (D:2)
  An orc (D:3)
  A ball python (D:1)
  5 bats
  4 giant cockroaches
  5 goblins
  2 hobgoblins
  A quokka (D:3)
  4 frilled lizards
  A jackal zombie (D:3)
  4 kobolds
  2 rats (D:2)
35 creatures vanquished.

Notes
Turn   | Place    | Note
-------+----------+-------------------------------------------
     0 | D:1      | Kagalorn the Human Assassin began the quest for the Orb.
     0 | D:1      | Reached XP level 1. HP: 16/16 MP: 1/1
   388 | D:1      | Reached XP level 2. HP: 18/22 MP: 2/2
   986 | D:2      | Found a glowing silver altar of Zin.
  1031 | D:2      | Found a burning altar of Makhleb.
  1035 | D:2      | You fall into a shaft and drop 2 floors!
  1050 | D:3      | Reached XP level 3. HP: 27/27 MP: 3/3
  1075 | D:3      | Noticed Grinder
  1326 | D:2      | Found a bloodstained altar of Trog.
  1336 | D:2      | Reached XP level 4. HP: 26/33 MP: 4/4
  2001 | D:1      | Slain by a gnoll

Levels and vault maps discovered:
D:1:      tarquinn_simple_flora_water_c, layout_loops_corners
D:2:      layout_basic, lemuel_doored_altar, nicolae_overflow_crystal_walls,
          minmay_misc_feat_diagonals, bloody_trog
D:3:      layout_basic, serial_aquarium, aquarium_bridge_long_separate
          [aquarium_subvault_bridge, aquarium_subvault_wall,
          aquarium_subvault_window, aquarium_subvault_wall,
          aquarium_subvault_window, aquarium_subvault_bridge],
          aquarium_bridge_square [aquarium_subvault_window,
          aquarium_subvault_bridge, aquarium_subvault_bridge,
          aquarium_subvault_bridge], aquarium_window_corridor_3,
          aquarium_window_2, aquarium_window_double, aquarium_view_2d,
          aquarium_pool_1, uniq_grinder
D:4:      layout_cave_pods, kennysheep_mini, hangedman_decor_riveting,
          uniq_pikel

Skill      XL: |  1  2  3 |
---------------+----------+-----
Short Blades   | 3 4 |  4.3
Fighting       | |  2.0
Throwing       | |  2.0
Dodging        | |  1.0
Stealth        | |  4.0

Action                   |  1- 3 |  4- 6 || total
-------------------------+-------+-------++-------
Melee: Dagger            |   101 |    24 ||   125
Throw: Dart              |     8 |     2 ||    10
 Stab: Sleeping          |     4 |     2 ||     6
  Eat: Chunk             |     1 |     2 ||     3
Armor: Robe              |    14 |     3 ||    17
Dodge: Dodged            |    55 |    15 ||    70

Table legend:
 A = Non-vault XP
 B = Vault XP
 C = Vault XP percentage of total XP
 D = Non-vault monster count
 E = Vault monster count
 F = Vault count percentage of total count
                 A         B        C        D         E       F
            +---------+---------+-------+---------+---------+-------
      Total |      95 |       0 |   0.0 |      35 |       0 |   0.0
            +---------+---------+-------+---------+---------+-------
        D:1 |      26 |       0 |   0.0 |      16 |       0 |   0.0
        D:2 |      30 |       0 |   0.0 |      10 |       0 |   0.0
        D:3 |      39 |       0 |   0.0 |       9 |       0 |   0.0
            +---------+---------+-------+---------+---------+-------
